 Dungeon Crawl Stone Soup version 0.28-a0-1387-g3a22ab9bdc (webtiles) character file.

Game seed: 8668851329562753243

175 bjtr the Firebug (level 5, -1/49 HPs)
             Began as an Ogre Fire Elementalist on Jan 2, 2022.
             Slain by Ijyb (5 damage)
             ... on level 3 of the Dungeon.
             The game lasted 00:15:18 (3583 turns).

bjtr the Firebug (Ogre Fire Elementalist)           Turns: 3583, Time: 00:15:19

Health: -1/49      AC:  3    Str: 12    XL:     5   Next: 55%
Magic:  1/10       EV: 10    Int: 18    God:
Gold:   101        SH:  0    Dex:  9    Spells: 5/11 levels left

rFire   . . .      SeeInvis .   p - +0 war axe
rCold   . . .      Faith    .   (no shield)
rNeg    . . .      Spirit   .   a - +0 robe
rPois   .          Reflect  .   (helmet restricted)
rElec   .          Harm     .   (no cloak)
rCorr   .          Rampage  .   (gloves unavailable)
Will    .....                   (boots unavailable)
Stlth   +.........              (no amulet)
HPRegen 0.16/turn               (no ring)
MPRegen 0.12/turn               (no ring)

@: no status effects
A: large, unfitting armour, tough skin 1
a: no special abilities


You were on level 3 of the Dungeon.
You visited 1 branch of the dungeon, and saw 3 of its levels.

You collected 101 gold pieces.

Inventory:

Hand Weapons
 c - a +0 short sword
 o - a +0 mace
 p - a +0 war axe (weapon)
 q - a +0 falchion
Missiles
 g - 5 boomerangs (quivered)
 j - 11 bolts
 n - 4 stones
Armour
 a - a +0 robe (worn)
 e - an orb of energy
Scrolls
 b - 2 scrolls of vulnerability {unknown}
 d - a scroll of amnesia {unknown}
Potions
 f - 3 potions of heal wounds {unknown}
 h - 2 potions of haste {unknown}
 k - a potion of brilliance {unknown}
 l - a potion of lignification {unknown}
 m - a potion of mutation {unknown}


   Skills:
 * Level 2.1 Fighting
 + Level 2.1 Dodging
 - Level 1.4 Stealth
 + Level 3.5 Spellcasting
 + Level 1.1 Conjurations
 * Level 4.4 Fire Magic


You had 5 spell levels left.
You knew the following spells:

 Your Spells              Type           Power      Damage    Failure   Level
a - Foxfire               Conj/Fire      52%        2x1d6     4%          1
b - Scorch                Fire           38%        2d7       3%          2
c - Conjure Flame         Conj/Fire      13%        6-21      14%         3

Your spell library contained the following spells:

 Spells                   Type           Power      Damage    Failure   Level
 Sting                    Tmut/Pois      12%        1d3       16%         1
 Inner Flame              Hex/Fire       11%        N/A       19%         3
 Corpse Rot               Necr/Air       6%         N/A       24%         2
 Poisonous Vapours        Pois/Air       6%         N/A       24%         2
 Flame Wave               Conj/Fire      13%        2d5       43%         4
 Leda's Liquefaction      Hex/Erth       1%         N/A       83%         4
 Olgreb's Toxic Radiance  Pois           3%         N/A       83%         4
 Lee's Rapid Deconstruct  Erth           1%         3d5*      99%         5
 Statue Form              Tmut/Erth      2%         N/A       100%        6


Dungeon Overview and Level Annotations

Branches:
Dungeon (3/15)

Altars:
Kikubaaqudgha

Annotations:
D:3 Ijyb


Innate Abilities, Weirdness & Mutations

You are too large for most types of armour.
You have tough skin. (AC +1)


Message History

Aim: Ijyb, wielding a +0 dagger, wearing a +0 leather armour and carrying a wand of iceblast (7) (severely wounded, 45% to hit)
You throw a boomerang. The boomerang hits Ijyb.
Ijyb is almost dead.
Ijyb screams, "I dance on your bones!"
Throw: 5 boomerangs
Press: ? - help, Q - select action, (/) - cycle Shift-Dir - straight line, f/p - Ijyb
Aim: Ijyb, wielding a +0 dagger, wearing a +0 leather armour and carrying a wand of iceblast (7) (almost dead, 45% to hit)
You throw a boomerang. The boomerang misses Ijyb.
Ijyb hits you but does no damage.
You barely miss Ijyb.
Ijyb is almost dead.
Ijyb hits you with a +0 dagger.
* * * LOW HITPOINT WARNING * * *
Unknown command.
You closely miss Ijyb.
Ijyb is almost dead.
Ijyb hits you but does no damage. Ijyb completely misses you.
You hit Ijyb but do no damage.
Ijyb is almost dead.
Ijyb hits you with a +0 dagger.
* * * LOW HITPOINT WARNING * * *
Casting: Foxfire (safe; 4% risk of failure)
Confirm with . or Enter, or press ? or * to list all spells.
You conjure some foxfire!
Ijyb barely misses you.
You closely miss Ijyb.
Ijyb is almost dead.
Ijyb hits you with a +0 dagger.
* * * LOW HITPOINT WARNING * * *
Ijyb hits you with a +0 dagger.
* * * LOW HITPOINT WARNING * * *
Unknown command.
You barely miss Ijyb.
Ijyb is almost dead.
Ijyb hits you with a +0 dagger.
* * * LOW HITPOINT WARNING * * *
Unknown command.
You barely miss Ijyb.
Ijyb is almost dead.
Ijyb hits you with a +0 dagger.
You die...

##.^.# ###.#..#
#...##..# #...#
#>###
#...###...##
#...........##
#...#####....##
#...########..##
#...#....@g...(#
####..#######...#
#.......... .....
########### #(..
#.


You could see Ijyb.

Vanquished Creatures
  An orc priest (D:3)
  2 orc wizards
  An adder (D:2)
  3 gnolls (D:2)
  5 orcs
  6 endoplasms
  A giant cockroach (D:3)
  7 hobgoblins
  4 quokkas (D:1)
  5 ball pythons
  5 bats
  5 frilled lizards
  3 kobolds
  4 rats
52 creatures vanquished.

Vanquished Creatures (others)
  97 foxfires
97 creatures vanquished.

Grand Total: 149 creatures vanquished

Notes
Turn   | Place    | Note
-------+----------+-------------------------------------------
     0 | D:1      | bjtr the Ogre Fire Elementalist began the quest for the
                  | Orb.
     0 | D:1      | Reached XP level 1. HP: 16/16 MP: 3/3
   228 | D:1      | Reached skill level 1 in Fighting
   269 | D:1      | Reached XP level 2. HP: 16/27 MP: 0/5
   394 | D:1      | Learned a level 2 spell: Scorch
   434 | D:1      | Reached skill level 3 in Fire Magic
   622 | D:1      | Found a faded altar of an unknown god.
   904 | D:1      | Reached skill level 1 in Conjurations
  1435 | D:2      | Reached XP level 3. HP: 33/33 MP: 4/7
  1949 | D:2      | Reached XP level 4. HP: 33/41 MP: 0/8
  2023 | D:2      | Learned a level 3 spell: Conjure Flame
  2428 | D:2      | Found an ancient bone altar of Kikubaaqudgha.
  3050 | D:3      | Reached skill level 4 in Fire Magic
  3050 | D:3      | Reached XP level 5. HP: 27/49 MP: 1/9
  3543 | D:3      | Noticed Ijyb
  3583 | D:3      | Slain by Ijyb

Illustrated notes

Levels and vault maps discovered:
D:1:      dpeg_arrival_round_a, layout_basic, dreamdust_ecumenical_altar_grove
D:2:      layout_loops_ring, basic_altar
D:3:      minmay_inner_zag, layout_rooms, uniq_ijyb

Skill      XL: |  1  2  3  4  5 |
---------------+----------------+-----
Fighting       | 1 2 |  2.1
Fire Magic     | 3 4 |  4.4
Conjurations   | 1 |  1.1
Dodging        | 2 |  2.1
Spellcasting   | 3 |  3.5
Stealth        | |  1.4

Action                   |  1- 3 |  4- 6 || total
-------------------------+-------+-------++-------
Melee: Unarmed           |     2 |       ||     2
       Short sword       |     7 |       ||     7
       War axe           |       |    15 ||    15
Throw: Javelin           |       |     3 ||     3
       Boomerang         |       |     3 ||     3
 Cast: Foxfire           |    32 |    29 ||    61
       Scorch            |    18 |    15 ||    33
       Conjure Flame     |       |     2 ||     2
Armor: Robe              |     4 |     8 ||    12
Dodge: Dodged            |    11 |     9 ||    20

Table legend: (Time is in decaauts)
 A = Elapsed time spent in this place.
 B = Non-inter-level travel time spent in this place.
 C = Inter-level travel time spent in this place.
 D = Time resting spent in this place.
 E = Time spent auto-exploring this place.
 F = Levels seen in this place.
 G = Mean time per level.
                   A        B        C        D        E       F      G
               +--------+--------+--------+--------+--------+-----+--------+
         Total |   3596 |   3523 |     73 |   1364 |   1616 |   3 | 1198.7 |
       Dungeon |   3596 |   3523 |     73 |   1364 |   1616 |   3 | 1198.7 |
               +--------+--------+--------+--------+--------+-----+--------+

Top non-repeatable levels by time:
     D:1: 1631 daAuts
     D:2: 1493 daAuts
     D:3: 471 daAuts
